 Dungeon Crawl Stone Soup version 0.22-a0-469-gf26638a (webtiles) character file.

7 4thArraOfDagon the Sneak (level 1, 0/9 HPs)
             Began as a Spriggan Earth Elementalist on June 12, 2018.
             Slain by a rat (2 damage)
             ... on level 1 of the Dungeon.
             The game lasted 00:00:36 (111 turns).

4thArraOfDagon the Sneak (SpEE)                      Turns: 111, Time: 00:00:37

Health: 0/9        AC:  2    Str:  4    XL:     1   Next: 83%
Magic:  0/5        EV: 18    Int: 16    God:
Gold:   29         SH:  0    Dex: 16    Spells: 4/5 levels left

rFire    . . .     SeeInvis +   (weapon restricted)
rCold    . . .     Gourm    .   (shield restricted)
rNeg     . . .     Faith    .   c - +0 robe
rPois    .         Spirit   .   (helmet restricted)
rElec    .         Reflect  .   (no cloak)
rCorr    .         Harm     .   (gloves unavailable)
MR       +....                  (boots unavailable)
Stlth    ++........             (no amulet)
HPRegen  0.03/turn              g - ring of protection from magic
MPRegen  0.09/turn              (no ring)

@: very quick
A: very small, unfitting armour, see invisible, herbivore, speed 3, slow
metabolism 2
a: no special abilities


You were on level 1 of the Dungeon.
You were not hungry.

You visited 1 branch of the dungeon, and saw 1 of its levels.

You collected 29 gold pieces.

Inventory:

Missiles
 b - 47 stones (quivered)
Armour
 c - a +0 robe (worn)
Jewellery
 g - a ring of protection from magic (left hand)
Scrolls
 a - a scroll of remove curse {unknown}
 f - a scroll of enchant armour {unknown}
Potions
 e - a potion of invisibility {unknown}
Comestibles
 d - 2 rations


   Skills:
 - Level 3.0 Dodging
 - Level 3.0 Stealth
 + Level 2.9 Spellcasting
   Level 1.3 Transmutations
 * Level 3.0 Earth Magic


You had 4 spell levels left.
You knew the following spells:

 Your Spells              Type           Power        Failure   Level  Hunger
a - Sandblast             Erth           ##....       5%          1    #......

Your spell library contained the following spells:

 Spells                   Type           Power        Failure   Level  Hunger
 Stone Arrow              Conj/Erth      #.....       30%         3    ###....
 Passwall                 Tmut/Erth      #.......     12%         2    ##.....
 Lee's Rapid Deconstruct  Erth           ##........   83%         5    ######.
 Petrify                  Tmut/Erth      #.......     58%         4    #####..


Dungeon Overview and Level Annotations

Branches:
Dungeon (1/15)

Altars:


Innate Abilities, Weirdness & Mutations

You are very small and have problems with some larger weapons.
You are too small for most types of armour.
You have supernaturally acute eyesight. (SInv)
You are a herbivore.
You cover ground extremely quickly.
You need to consume almost no food.


Message History

Unknown command.
g - a runed granite ring Put on which piece of jewellery? (? for menu, Esc to quit)
g - a ring of protection from magic (left hand)
Found a club.
Casting: Sandblast (safe; 5% risk of failure)
Confirm with . or Enter, or press ? or * to list all spells.
You don't have enough magic to cast that spell.
Unknown command.
The helpless rat fails to defend itself.
You hit the rat.
The rat is heavily wounded.
The rat closely misses you.
You hit the rat but do no damage.
The rat is heavily wounded.
The rat closely misses you.
You barely miss the rat.
The rat is heavily wounded.
The rat bites you.
You die...

##......##........
#........#........
#...≈8...#.......
#..8≈≈≈..#.......
#### #..≈≈≈8..'..#
...###.[.8≈...#..#
...!.#........##.#
.....##......##..#
......##########@#
........ #r.#
........ )..##
........ .....
........ .......
........ ...#..#
........ .#.#..
......## # ###
..)#...#


You could see a rat.

Vanquished Creatures
  A leopard gecko (D:1)
  A ball python (D:1)
  A giant cockroach (D:1)
  A goblin (D:1)
  A kobold (D:1)
5 creatures vanquished.

Notes
Turn   | Place    | Note
-------+----------+-------------------------------------------
     0 | D:1      | 4thArraOfDagon the Spriggan Earth Elementalist began the quest for the Orb.
     0 | D:1      | Reached XP level 1. HP: 9/9 MP: 5/5
   111 | D:1      | Slain by a rat

Vault maps used:
D:1:      ncdulo_watergridlock, minmay_misc_feat_alley, kennysheep_another_room,
          minmay_tall_x

Skill      XL: |  1 |
---------------+----+-----
Earth Magic    | 3 |  3.0
Dodging        | |  3.0
Stealth        | |  3.0
Spellcasting   | |  2.9
Transmutations | |  1.3

Action                   || total
-------------------------++-------
Melee: Unarmed           ||     6
 Cast: Sandblast         ||    10
 Stab: Sleeping          ||     1
Armor: Robe              ||     1
Dodge: Dodged            ||    28

Table legend:
 A = Spawn XP
 B = Non-spawn XP
 C = Spawn XP percentage of total XP
 D = Spawn monster count
 E = Non-spawn monster count
 F = Spawn count percentage of total count
 G = Total turns spent on level
                    A         B        C        D         E        F      G
               +---------+---------+-------+---------+---------+-------+---------
         Total |       0 |      10 |   0.0 |       0 |       5 |   0.0 |   111
               +---------+---------+-------+---------+---------+-------+---------
           D:1 |       0 |      10 |   0.0 |       0 |       5 |   0.0 |   111
               +---------+---------+-------+---------+---------+-------+---------
